AoeStats
← iAlejandrouae

Black Forest

506138262Analyzed
4v4 RM · 20d ago on Sep 12, 2026· 58m 40s· 8 players
Game mode
Random Map
Map size
Large (8 player)
Population
200
Speed
Normal
Resources
Standard
Victory
Conquest
Starting age
Dark Age
Ending age
Imperial Age
RankedLock teamsTeams togetherTeam positionsShared explorationLock speedFull tech treeHidden civsTurbo modeCheats
Victory
Defeat
🇳🇱 Cumans · Netherlands
1798
+9
🇹🇷 Sicilians · Türkiye
1787
+9
🇨🇳 Teutons · China
1761
+10
🇹🇼 Wu · Taiwan
1549
+20
🇹🇷 Franks · Türkiye
1663
-13
🇦🇷 Lithuanians · Argentina
1656
-13
🇹🇷 Poles · Türkiye
1601
-11
🇦🇷 Berbers · Argentina
1598
-11
gyNNNNN
0:49 Loom
12:58 Feudal Age
17:03 Castle Age
15:15 Double-Bit Axe
15:59 Horse Collar
19:12 Bow Saw
23:07 Heavy Plow
32:20 Imperial Age
30:52 Wheelbarrow
31:18 Scale Barding Armor
31:24 Forging
31:07 Town Watch
31:53 Fortified Wall
31:45 Fletching
32:07 Guard Tower
32:27 Bodkin Arrow
33:08 Bracer
33:47 Ballistics
34:27 Chemistry
34:05 Chain Barding Armor
33:56 Forging
35:11 Hand Cart
35:56 Conscription
37:00 Plate Barding Armor
37:00 Iron Casting
37:42 Two-Man Saw
37:27 Masonry
38:17 Bloodlines
38:07 Husbandry
37:38 Elite Leitis
40:38 Pikeman
41:18 Squires
41:19 Scale Mail Armor
42:19 Chain Mail Armor
41:25 Halberdier
45:30 Architecture
46:17 Padded Archer Armor
47:53 Leather Archer Armor
48:10 Crop Rotation
48:17 Coinage
47:58 Guilds
47:49 Caravan
50:17 Ring Archer Armor
52:49 Light Cavalry
53:51 Winged Hussar
56:19 Hoardings
JavelinMen
1:37 Loom
11:19 Feudal Age
11:48 Double-Bit Axe
18:23 Castle Age
19:37 Bow Saw
25:42 Wheelbarrow
27:09 Hand Cart
31:58 Imperial Age
30:03 Scale Barding Armor
30:08 Forging
30:54 Husbandry
31:16 Chain Barding Armor
32:48 Iron Casting
31:58 Cavalier
33:19 Plate Barding Armor
32:58 Gold Mining
33:34 Paladin
35:54 Blast Furnace
38:48 Coinage
38:09 Light Cavalry
38:52 Scale Mail Armor
38:58 Caravan
40:04 Conscription
39:50 Pikeman
40:30 Squires
40:50 Gambesons
40:42 Halberdier
42:37 Chain Mail Armor
43:46 Town Watch
44:49 Plate Mail Armor
44:54 Fletching
50:07 Arson
Professor4K
12:06 Feudal Age
15:50 Castle Age
13:55 Double-Bit Axe
14:27 Horse Collar
16:59 Bow Saw
17:15 Heavy Plow
20:07 Loom
21:01 Wheelbarrow
21:09 Loom
22:36 Loom
23:28 Hand Cart
23:21 Town Watch
24:08 Gold Mining
28:06 Imperial Age
25:46 Stone Mining
27:03 Stone Shaft Mining
26:50 Scale Mail Armor
27:00 Forging
28:18 Chain Mail Armor
28:18 Town Patrol
29:31 Iron Casting
29:06 Squires
28:52 Arson
30:18 Chemistry
30:07 Plate Mail Armor
29:41 Caravan
30:30 Conscription
31:49 Blast Furnace
30:37 Elite Obuch
34:57 Crop Rotation
38:54 Siege Engineers
50:46 Coinage
53:00 Szlachta Privileges
52:42 Onager
55:47 Fletching
56:40 Heavy Cavalry Archer
57:16 Bodkin Arrow
57:44 Ballistics
58:11 Lechitic Legacy
58:20 Thumb Ring
58:16 Bracer
58:38 Bombard Tower
iAlejandrouae
1:48 Loom
8:51 Feudal Age
10:27 Double-Bit Axe
14:10 Fletching
21:19 Castle Age
19:40 Horse Collar
20:24 Gold Mining
22:24 Bow Saw
22:16 Heavy Plow
23:55 Wheelbarrow
25:45 Stone Mining
27:19 Scale Barding Armor
27:25 Forging
28:59 Scale Barding Armor
29:05 Forging
29:05 Town Watch
32:00 Imperial Age
30:05 Fortified Wall
30:04 Treadmill Crane
30:34 Masonry
32:41 Bodkin Arrow
32:48 Padded Archer Armor
33:10 Ballistics
33:50 Chemistry
33:29 Bracer
35:15 Thumb Ring
35:46 Bloodlines
35:37 Husbandry
36:15 Leather Archer Armor
36:32 Conscription
35:33 Elite Camel Archer
38:03 Ring Archer Armor
38:36 Hand Cart
37:58 Elite Camel Archer
39:31 Caravan
41:05 Maghrebi Camels
41:29 Siege Engineers
44:38 Coinage
45:46 Heavy Plow
50:51 Hoardings
PraYs
8:45 Feudal Age
9:29 Double-Bit Axe
11:00 Horse Collar
14:59 Wheelbarrow
16:59 Gold Mining
19:18 Castle Age
18:17 Stone Mining
20:20 Bow Saw
20:11 Heavy Plow
20:35 Hand Cart
20:25 Fishing Lines
22:03 Gold Shaft Mining
21:53 Gillnets
28:06 Imperial Age
26:23 Loom
26:24 Town Watch
26:45 Scale Barding Armor
26:51 Forging
27:19 Bloodlines
28:38 Chain Barding Armor
27:53 Capped Ram
28:12 Cavalier
29:47 Conscription
30:04 Plate Barding Armor
29:22 Siege Ram
31:36 Iron Casting
31:18 Paladin
33:18 Blast Furnace
34:09 Hoardings
33:26 Fletching
33:59 Ballistics
33:49 Masonry
34:29 Bodkin Arrow
35:36 Chemistry
34:32 Murder Holes
34:58 Light Cavalry
35:43 Steppe Husbandry
37:03 Caravan
37:23 Hussar
38:24 Padded Archer Armor
38:34 Elite Kipchak
39:31 Cuman Mercenaries
39:54 Leather Archer Armor
41:25 Ring Archer Armor
41:01 Thumb Ring
41:22 Parthian Tactics
45:39 Two-Man Saw
50:15 Crop Rotation
清远华
11:14 Feudal Age
12:09 Double-Bit Axe
14:47 Castle Age
14:03 Horse Collar
15:59 Bow Saw
28:15 Imperial Age
26:48 Gold Mining
26:49 Stone Mining
28:22 Bloodlines
28:20 Scale Barding Armor
28:26 Forging
28:59 Stone Shaft Mining
28:25 Heavy Plow
28:18 Cavalier
29:34 Wheelbarrow
29:48 Chain Barding Armor
31:02 Two-Man Saw
29:48 Onager
31:28 Hand Cart
31:36 Paladin
33:33 Caravan
34:11 Plate Barding Armor
34:12 Iron Casting
34:40 Chemistry
33:23 Fishing Lines
34:17 Guilds
34:40 Loom
37:26 Blast Furnace
36:16 Fletching
37:13 Crop Rotation
37:07 Ballistics
36:53 Siege Engineers
38:20 Crenellations
38:21 Conscription
38:11 Scale Mail Armor
39:18 Bodkin Arrow
39:39 Chain Mail Armor
38:48 Pikeman
39:36 Siege Onager
41:27 Hoardings
43:53 Elite Teutonic Knight
45:09 Plate Mail Armor
44:51 Masonry
45:02 Bombard Tower
48:43 Squires
49:02 Arrowslits
49:27 Heavy Scorpion
52:39 Gillnets
53:58 Ironclad
54:08 Arson
54:10 Gambesons
53:55 Capped Ram
The_Punisher
0:40 Loom
13:34 Feudal Age
14:35 Double-Bit Axe
14:48 Horse Collar
17:16 Castle Age
18:16 Bow Saw
18:21 Heavy Plow
22:06 Wheelbarrow
21:43 Town Watch
24:18 Hand Cart
25:43 Gold Mining
29:53 Imperial Age
28:03 Scale Mail Armor
27:31 Pikeman
28:37 Squires
28:53 Forging
30:01 Onager
30:15 Halberdier
31:31 Chain Mail Armor
34:00 Plate Mail Armor
34:02 Crop Rotation
35:47 Conscription
36:03 Hoardings
36:04 Iron Casting
36:38 Gold Shaft Mining
36:05 Caravan
36:34 Siege Onager
38:06 Siege Engineers
38:02 Elite Serjeant
40:17 Blast Furnace
39:08 Capped Ram
39:34 Elite Serjeant
40:09 Fletching
41:29 Siege Ram
42:42 Coinage
44:54 First Crusade
50:16 Masonry
50:26 Ballistics
51:07 Chemistry
53:07 Bodkin Arrow
53:52 Bracer
53:39 Arrowslits
58:06 Padded Archer Armor
yclin124
0:49 Loom
10:52 Feudal Age
11:34 Double-Bit Axe
12:54 Fletching
20:07 Gold Mining
23:52 Castle Age
21:56 Fishing Lines
28:35 Imperial Age
26:55 Bow Saw
27:21 Gold Shaft Mining
30:41 Two-Man Saw
32:54 Wheelbarrow
33:42 Ballistics
34:22 Chemistry
33:26 Scale Mail Armor
33:37 Forging
33:51 Caravan
34:30 Chain Mail Armor
33:47 Pikeman
34:28 Squires
37:21 Plate Mail Armor
38:27 Halberdier
41:21 Iron Casting
40:41 Treadmill Crane
41:11 Masonry
41:43 Horse Collar
45:42 Conscription
47:54 Sitting Tiger
50:03 Coinage
Connection lost

Rejoining the realm…

Still unreachable

The connection could not be restored.

Session expired

The server has moved on; the page needs a fresh start.